[Event "December 5 Late 2023"]
[Site "https://www.chess.com"]
[Date "2023.12.05"]
[Round "3"]
[White "Rees, Ioan"]
[Black "Thake, Conrad"]
[Result "0-1"]
[Board "135"]
[TimeControl "180+1"]
[WhiteFideId "1801236"]
[BlackFideId "5602947"]
[WhiteElo "2518"]
[BlackElo "1944"]
[WhiteTeam "WLS"]
[BlackTeam "MLT"]
[WhiteClock "0:01:01"]
[BlackClock "0:01:22"]

1. e4 c5 2. c3 e6 3. d4 d5 4. e5 Nc6 5. Nf3 Bd7 6. Be2 Qb6 7. O-O Rc8 8. Na3 cxd4 9. cxd4 a6 10. Nc2 Nge7 11. a3 Ng6 12. Be3 Be7 13. Rb1 Na5 14. g3 Nc4 15. Bxc4 Rxc4 16. h4 Ba4 17. b3 Bxb3 18. Na1 Bxd1 19. Rxb6 Bxf3 20. Rxb7 h5 21. Nb3 O-O 22. Na5 Ra4 23. Nc6 Bd8 24. Rfb1 Rxa3 25. Bc1 Rd3 26. Rb8 Rd1+ 27. Kh2 Rh1# 0-1

[Event "December 5 Late 2023"]
[Site "https://www.chess.com"]
[Date "2023.12.05"]
[Round "3"]
[White "Burke, Paul"]
[Black "Marcziter, Dmitrii"]
[Result "0-1"]
[Board "136"]
[TimeControl "180+1"]
[WhiteFideId "2605767"]
[BlackFideId "13900765"]
[WhiteElo "1811"]
[BlackElo "2386"]
[WhiteTeam "CAN"]
[BlackTeam "GER"]
[WhiteClock "0:00:00"]
[BlackClock "0:01:35"]

1. e4 c5 2. d4 cxd4 3. c3 dxc3 4. Nxc3 Nc6 5. Nf3 a6 6. Bc4 e6 7. Bf4 b5 8. Bd3 Bb7 9. Qe2 Nb4 10. Bb1 Ne7 11. a3 Nbc6 12. Bd3 Ng6 13. Bg3 Bc5 14. Rd1 O-O 15. h4 f6 16. h5 Nge5 17. Bb1 Qe7 18. b4 Bb6 19. Nxe5 fxe5 20. Rh4 Bd4 21. Na2 Rf7 22. Rg4 Raf8 23. Nc1 Bc3+ 24. Kf1 Bd4 25. Kg1 Bxf2+ 26. Bxf2 Rxf2 27. Qxf2 Rxf2 28. Kxf2 Nd4 29. Nd3 Qf6+ 30. Kg1 d6 0-1

[Event "December 5 Late 2023"]
[Site "https://www.chess.com"]
[Date "2023.12.05"]
[Round "3"]
[White "Vargas, Mauricio"]
[Black "Sahakyan, Aleks"]
[Result "0-1"]
[Board "137"]
[TimeControl "180+1"]
[WhiteFideId "4404572"]
[BlackFideId "13316338"]
[WhiteElo "1830"]
[BlackElo "2695"]
[WhiteTeam "COL"]
[BlackTeam "ARM"]
[WhiteClock "0:00:16"]
[BlackClock "0:01:58"]

1. e4 Nc6 2. f4 d5 3. e5 h5 4. Nf3 Bg4 5. Bb5 e6 6. h3 Bxf3 7. Qxf3 Ne7 8. O-O a6 9. Bd3 Nf5 10. Bxf5 Nd4 11. Qd1 Nxf5 12. c3 c5 13. d4 cxd4 14. cxd4 Qb6 15. Qa4+ Qc6 16. Qxc6+ bxc6 17. Rd1 c5 18. dxc5 Bxc5+ 19. Kh2 h4 20. Nc3 O-O 21. b3 Bf2 22. Ne2 Rfc8 23. Rf1 Bg3+ 24. Nxg3 hxg3+ 25. Kg1 Rc2 26. Ba3 Nh4 27. Rfc1 Rxg2+ 28. Kf1 Rf2+ 29. Kg1 Nf3+ 30. Kh1 g2# 0-1

[Event "December 5 Late 2023"]
[Site "https://www.chess.com"]
[Date "2023.12.05"]
[Round "3"]
[White "Degtiarev, Evgeny"]
[Black "Martins, Vinicius Tine"]
[Result "0-1"]
[Board "138"]
[TimeControl "180+1"]
[WhiteFideId "4149610"]
[BlackFideId "2112884"]
[WhiteElo "2353"]
[BlackElo "2640"]
[WhiteTeam "GER"]
[BlackTeam "BRA"]
[WhiteClock "0:01:07"]
[BlackClock "0:01:20"]

1. d4 Nf6 2. c4 d6 3. Nc3 g6 4. e4 Bg7 5. h3 O-O 6. Bg5 c5 7. d5 e6 8. Bd3 exd5 9. exd5 Re8+ 10. Nge2 h6 11. Be3 Nbd7 12. Qd2 Kh7 13. O-O Ne5 14. Ng3 Bxh3 15. f4 Nxd3 16. Qxd3 Bd7 17. f5 Rxe3 18. Qxe3 Ng4 0-1

[Event "December 5 Late 2023"]
[Site "https://www.chess.com"]
[Date "2023.12.05"]
[Round "3"]
[White "Gerbelli Neto, Eduardo"]
[Black "Janaszak, Dawid"]
[Result "0-1"]
[Board "139"]
[TimeControl "180+1"]
[WhiteFideId "2103281"]
[BlackFideId "1119206"]
[WhiteElo "2326"]
[BlackElo "2575"]
[WhiteTeam "BRA"]
[BlackTeam "POL"]
[WhiteClock "0:00:04"]
[BlackClock "0:00:30"]

1. e4 c5 2. Nc3 Nc6 3. f4 e6 4. Nf3 d5 5. Bb5 dxe4 6. Bxc6+ bxc6 7. Nxe4 Nf6 8. d3 c4 9. Nxf6+ Qxf6 10. dxc4 Bc5 11. Qe2 Ba6 12. c3 O-O 13. Ne5 Qh4+ 14. g3 Qh3 15. Nd7 Bb6 16. Nxf8 Rxf8 17. b3 Rd8 18. Be3 Ba5 19. Bd2 c5 20. O-O-O Bb7 21. Rhe1 h6 22. Be3 Rc8 23. Kb2 Qf5 24. g4 Qg6 25. f5 exf5 26. gxf5 Qxf5 27. Rf1 Qe5 28. Rc1 Re8 29. Rfe1 Re6 30. Qf2 Rf6 31. Qd2 Rd6 32. Qe2 Re6 33. Qg4 Qxh2+ 34. Re2 Qe5 35. Rcc2 Rg6 36. Qf4 Re6 37. Qxe5 Rxe5 38. Bf4 Rf5 39. Bd6 Bb6 40. Re8+ Kh7 41. Re5 Bc8 42. Rxf5 Bxf5 43. Rf2 Kg6 44. a3 a5 45. Re2 h5 46. Re7 Bd8 47. Re8 Bf6 48. Bxc5 h4 49. Bd4 h3 50. Rh8 Bg5 51. Rg8 f6 52. Rh8 Bh6 53. c5 h2 54. c6 h1=Q 55. c7 Qc1+ 56. Ka2 Qb1# 0-1

[Event "December 5 Late 2023"]
[Site "https://www.chess.com"]
[Date "2023.12.05"]
[Round "3"]
[White "Stevens, Matthew"]
[Black "Erzhanov, Arman"]
[Result "0-1"]
[Board "140"]
[TimeControl "180+1"]
[WhiteFideId "2067633"]
[BlackFideId "4138821"]
[WhiteElo "2345"]
[BlackElo "2523"]
[WhiteTeam "USA"]
[BlackTeam "KAZ"]
[WhiteClock "0:00:00"]
[BlackClock "0:00:21"]

1. d4 d6 2. Nf3 Bg4 3. e3 Nf6 4. h3 Bh5 5. c4 h6 6. Bd3 e6 7. g4 Bg6 8. Bxg6 fxg6 9. Qc2 g5 10. Qg6+ Kd7 11. Nc3 Qe8 12. Qc2 Nc6 13. d5 Ne5 14. Nd4 exd5 15. Qf5+ Ke7 16. cxd5 Qd7 17. Qc2 c6 18. dxc6 bxc6 19. Bd2 Rb8 20. O-O-O Kf7 21. Ne4 d5 22. Nxf6 gxf6 23. Bc3 Nc4 24. Nf5 Bb4 25. Bxb4 Rxb4 26. b3 Nd6 27. Qc5 Nxf5 28. Qxb4 Nd6 29. e4 Rb8 30. Qa4 Qc7 31. f3 Nb5 32. exd5 cxd5+ 33. Kb2 Nc3 34. Qd4 Nxd1+ 35. Rxd1 Rb5 36. Rc1 Qd7 37. Rc5 Rxc5 38. Qxc5 Ke6 39. Kc2 Qb7 40. Kd2 Qa6 41. Qe3+ Kf7 42. a4 Qa5+ 43. Qc3 Qb6 44. Qd3 Qf2+ 45. Kc3 Qc5+ 46. Kb2 Ke6 47. Qc3 Qf2+ 48. Ka3 Qb6 49. b4 d4 50. Qc4+ Ke5 51. Qd3 Kf4 52. Qe4+ Kg3 53. a5 Qd6 54. Qd3 Kxh3 55. Ka4 Kg3 56. b5 Qc5 57. Kb3 Kh4 58. Qc4 Qd6 59. Qb4 Qd5+ 60. Qc4 Qxf3+ 61. Ka4 d3 62. b6 axb6 63. axb6 d2 0-1

[Event "December 5 Late 2023"]
[Site "https://www.chess.com"]
[Date "2023.12.05"]
[Round "3"]
[White "Sarkar, Justin"]
[Black "Kotyk, Michael"]
[Result "0-1"]
[Board "141"]
[TimeControl "180+1"]
[WhiteFideId "2010011"]
[BlackFideId "16214501"]
[WhiteElo "2289"]
[BlackElo "2508"]
[WhiteTeam "USA"]
[BlackTeam "GER"]
[WhiteClock "0:00:00"]
[BlackClock "0:00:36"]

1. d4 Na6 2. e4 c6 3. Nf3 d5 4. e5 Bg4 5. h3 Bxf3 6. Qxf3 e6 7. c3 Nc7 8. Bd3 c5 9. O-O c4 10. Bc2 b5 11. Qg3 Ne7 12. Nd2 a5 13. Nf3 Qd7 14. Nh4 b4 15. b3 Nc6 16. bxc4 dxc4 17. Ba4 O-O-O 18. Qf3 Nd5 19. Bd2 Kc7 20. g3 Rb8 21. Kh1 Nb6 22. Bb5 Qd5 23. Qxd5 Nxd5 24. Bxc4 bxc3 25. Bxd5 exd5 26. Bxc3 Bb4 27. Rfc1 Kd7 28. Nf5 g6 29. Ne3 Ke6 30. a3 Bxc3 31. Rxc3 Nxd4 32. Rd1 Nb5 33. Rc6+ Kd7 34. Rf6 d4 35. Nc4 Ke7 36. a4 Nc3 37. Rxd4 Rb4 38. Rdf4 Rf8 39. e6 Rxc4 0-1

[Event "December 5 Late 2023"]
[Site "https://www.chess.com"]
[Date "2023.12.05"]
[Round "3"]
[White "Kornyukov, Alexey"]
[Black "Dilmukhametov, Artur"]
[Result "1-0"]
[Board "142"]
[TimeControl "180+1"]
[WhiteFideId "4150457"]
[BlackFideId "24179922"]
[WhiteElo "2314"]
[BlackElo "2488"]
[WhiteTeam "RUS"]
[BlackTeam "RUS"]
[WhiteClock "0:00:27"]
[BlackClock "0:00:00"]

1. d4 Nf6 2. c4 g6 3. f3 d5 4. cxd5 Nxd5 5. e4 Nf6 6. Nc3 Bg7 7. Be3 O-O 8. Qd2 a6 9. a4 Re8 10. Bc4 Nbd7 11. e5 Nb6 12. Ba2 Nfd5 13. Bh6 Bh8 14. Nge2 Be6 15. Ne4 Qc8 16. O-O c6 17. Nc5 Nd7 18. Nxe6 fxe6 19. Rac1 b5 20. Nf4 Nf8 21. Nxd5 exd5 22. Bxd5+ e6 23. Bxc6 Qd8 24. Bxa8 Qxa8 25. Rc7 1-0

[Event "December 5 Late 2023"]
[Site "https://www.chess.com"]
[Date "2023.12.05"]
[Round "3"]
[White "Zivic, Dragan"]
[Black "Matrix3x3a"]
[Result "1-0"]
[Board "143"]
[TimeControl "180+1"]
[WhiteFideId "904740"]
[WhiteElo "2376"]
[BlackElo "2448"]
[WhiteTeam "SRB"]
[WhiteClock "0:00:48"]
[BlackClock "0:01:18"]

1. c4 Nf6 2. Nc3 c5 3. Nf3 Nc6 4. g3 e6 5. Bg2 d5 6. cxd5 exd5 7. d4 cxd4 8. Nxd4 Bc5 9. Nb3 Bb6 10. O-O Be6 11. Na4 O-O 12. Nxb6 axb6 13. Nd4 Nxd4 14. Qxd4 h6 15. Be3 Ra6 16. a3 Qd6 17. Bxh6 Bg4 18. Bf4 Qe6 19. Rfe1 Bh3 20. Bh1 Bf5 21. Be5 Ne4 22. Bxg7 Rc8 23. f3 Ng5 24. Bh8 Qg6 25. Bg2 Rc6 26. Be5 Ne6 27. Qh4 f6 28. Qxf6 1-0

[Event "December 5 Late 2023"]
[Site "https://www.chess.com"]
[Date "2023.12.05"]
[Round "3"]
[White "Argandona Riveiro, Inigo"]
[Black "Fernandez Hernandez, Gerardo"]
[Result "1-0"]
[Board "144"]
[TimeControl "180+1"]
[WhiteFideId "2212072"]
[BlackFideId "2207400"]
[WhiteElo "2441"]
[BlackElo "2207"]
[WhiteTeam "ESP"]
[BlackTeam "ESP"]
[WhiteClock "0:00:07"]
[BlackClock "0:00:08"]

1. Nf3 Nf6 2. c4 g6 3. Nc3 Bg7 4. e4 d6 5. d4 O-O 6. Be3 Bg4 7. Qb3 b6 8. h3 Bxf3 9. gxf3 c5 10. O-O-O cxd4 11. Bxd4 Nc6 12. Be3 Rc8 13. f4 Na5 14. Qa4 Qd7 15. Qxd7 Nxd7 16. Nd5 Rfe8 17. b3 Nc6 18. f5 Nf6 19. Bg2 Nxd5 20. exd5 Ne5 21. fxg6 hxg6 22. f4 Nd7 23. h4 Nf6 24. Bh3 Rc7 25. a4 Nh5 26. f5 gxf5 27. Rhg1 Kh8 28. Bxf5 Bf6 29. Bg4 Ng7 30. h5 Rg8 31. h6 Ne8 32. Bf5 Be5 33. Rxg8+ Kxg8 34. Rg1+ Kh8 35. h7 Ng7 36. Bd3 e6 37. Be4 exd5 38. Bxd5 Re7 39. Bg5 f6 40. Bd2 Re8 41. Bf7 Rf8 42. Bg8 Rc8 43. Bh6 Nf5 44. Bd2 Ng7 45. Kc2 a6 46. Bh6 Nf5 47. Be6 Nd4+ 48. Kd3 Nxe6 49. Ke4 b5 50. Kf5 Nd4+ 51. Kg6 Nxb3 52. Bg7# 1-0

[Event "December 5 Late 2023"]
[Site "https://www.chess.com"]
[Date "2023.12.05"]
[Round "3"]
[White "Gumugama"]
[Black "Davidson, Kevin"]
[Result "0-1"]
[Board "145"]
[TimeControl "180+1"]
[BlackFideId "2056810"]
[WhiteElo "2184"]
[BlackElo "2439"]
[BlackTeam "USA"]
[WhiteClock "0:00:05"]
[BlackClock "0:00:05"]

1. e4 c5 2. Nf3 d6 3. d4 cxd4 4. Nxd4 Nf6 5. Nc3 a6 6. f3 e5 7. Nb3 Be6 8. Be3 Be7 9. Qd2 O-O 10. g4 d5 11. exd5 Nxd5 12. Nxd5 Bxd5 13. Be2 Bh4+ 14. Kf1 Nc6 15. Rd1 Bxb3 16. Qxd8 Raxd8 17. Rxd8 Rxd8 18. cxb3 Nd4 19. Rg1 h6 20. g5 Nxe2 21. Kxe2 hxg5 22. Bxg5 Bxg5 23. Rxg5 f6 24. Rg4 Kf7 25. Rc4 Ke6 26. b4 Rd4 27. b3 g5 28. Ke3 Kd5 29. Rc5+ Kd6 30. a3 Rh4 31. Rc2 f5 32. Rd2+ Ke6 33. Rg2 g4 34. fxg4 Rxg4 35. Rc2 Kd6 36. Rd2+ Ke6 37. Rc2 Kd6 38. Rd2+ Kc6 39. Rc2+ Kb6 40. Rc5 Re4+ 41. Kf3 Re1 42. h4 e4+ 43. Kf2 Rh1 44. Rxf5 Rxh4 45. Ke3 Rh3+ 46. Kxe4 Rxb3 47. Rf6+ Kb5 48. Rf7 b6 49. Rf5+ Ka4 50. Rf6 Kxa3 51. Rxb6 Rxb4+ 52. Rxb4 Kxb4 53. Kd3 Kb3 54. Kd2 Kb2 55. Kd3 a5 56. Kc4 a4 57. Kb4 a3 0-1

[Event "December 5 Late 2023"]
[Site "https://www.chess.com"]
[Date "2023.12.05"]
[Round "3"]
[White "Haraguchi, Diego Sashaki"]
[Black "Travadon, Loic"]
[Result "1-0"]
[Board "146"]
[TimeControl "180+1"]
[WhiteFideId "22729925"]
[BlackFideId "26092131"]
[WhiteElo "2411"]
[BlackElo "2149"]
[WhiteTeam "BRA"]
[BlackTeam "FRA"]
[WhiteClock "0:00:10"]
[BlackClock "0:00:10"]

1. d4 d5 2. Nc3 c6 3. Bf4 Bf5 4. e3 e6 5. h4 Bd6 6. Nge2 Bxf4 7. Nxf4 h5 8. Bd3 Bxd3 9. Qxd3 Nf6 10. f3 Nbd7 11. O-O-O Qc7 12. Kb1 O-O-O 13. g3 e5 14. dxe5 Nxe5 15. Qd4 Kb8 16. Rhf1 Rhe8 17. Qa4 Nc4 18. Rfe1 Nxe3 19. Rd2 Nf5 20. Rg1 Qb6 21. Rgd1 Nxg3 22. Rd4 Qc7 23. Nd3 c5 24. Nxd5 Nxd5 25. Rxd5 Rxd5 26. Qxe8+ Rd8 27. Qe1 Nf5 28. Ne5 Rxd1+ 29. Qxd1 Nxh4 30. f4 a6 31. Qxh5 Qd8 32. Nxf7 Qd2 33. Qe5+ Ka8 34. a3 Qd1+ 35. Ka2 Qxc2 36. Nd6 Nf3 37. Qe8+ Ka7 38. Nc8+ Kb8 39. Nb6+ Kc7 40. Nd5+ Kd6 41. Nc3 Qf5 42. Qb8+ Ke7 43. Qxb7+ Kf6 44. Qxf3 g5 45. Ne4+ Kg6 46. Nxg5 a5 47. Qc6+ Kh5 48. Qe6 Qxf4 49. Ne4 Kh4 50. Qd5 Qe3 51. Nxc5 a4 52. Qe4+ Qxe4 53. Nxe4 Kg4 54. Nc3 Kf5 55. Nxa4 Ke6 56. Nc3 Kd7 57. b4 Kc8 58. a4 Kb8 59. a5 Ka8 60. Kb3 Kb8 61. Ka4 Ka8 62. b5 Kb8 63. a6 Ka8 64. Kb4 Kb8 65. Na4 Ka8 66. Nc5 Kb8 67. Ka5 Ka7 68. b6+ Kb8 69. a7+ Ka8 70. Nb3 Kb7 71. Kb5 Ka8 72. Kc5 Kb7 73. Kd6 Ka8 74. Nd4 Kb7 75. Kc5 Ka8 76. Nb5 Kb7 77. Nc7 Kc8 78. a8=Q+ 1-0

[Event "December 5 Late 2023"]
[Site "https://www.chess.com"]
[Date "2023.12.05"]
[Round "3"]
[White "Saito, Vinicius"]
[Black "Teumer, Joerg, Dr."]
[Result "1-0"]
[Board "147"]
[TimeControl "180+1"]
[WhiteFideId "2113384"]
[BlackFideId "4643526"]
[WhiteElo "2404"]
[BlackElo "2115"]
[WhiteTeam "BRA"]
[BlackTeam "GER"]
[WhiteClock "0:00:24"]
[BlackClock "0:00:09"]

1. e4 d5 2. exd5 Nf6 3. Bb5+ Bd7 4. Bc4 Bg4 5. f3 Bf5 6. Nc3 Nbd7 7. Qe2 Nb6 8. b3 a6 9. Bb2 Nfxd5 10. Nxd5 Nxd5 11. g4 Bc8 12. O-O-O e6 13. Kb1 b5 14. Bd3 Bb7 15. h4 Nf4 16. Qe3 Nxd3 17. cxd3 Qd5 18. Rh3 O-O-O 19. d4 Be7 20. Rc1 Kb8 21. Ne2 Rhe8 22. Nc3 Qd7 23. Ne4 Bd5 24. Nc5 Qd6 25. f4 Qb6 26. g5 Ka7 27. d3 Bd6 28. Rh2 c6 29. h5 Qb8 30. Rf2 Qc7 31. Bc3 a5 32. Kb2 b4 33. Bd2 Rb8 34. Ne4 Be7 35. h6 g6 36. Rc2 Qb6 37. Nc5 Rbd8 38. Rf1 Bd6 39. Rfc1 Rc8 40. Na4 Qb5 41. Rc5 Bxc5 42. Rxc5 Qa6 43. Kc2 Kb8 44. Qe5+ Rc7 45. Qg7 Rd8 46. Qe5 Kb7 47. Rc4 Kc8 48. Rc5 Bf3 49. Be3 Bd5 50. Bf2 Qb7 51. Bg3 Qa6 52. f5 Rb7 53. fxg6 fxg6 54. Qe2 Rf7 55. Be5 Rdf8 56. Bf6 Qb7 57. Qe5 Qc7 58. Kd2 Qxe5 59. dxe5 Kd7 60. Ke3 Rb8 61. Rc1 Rb5 62. Nc5+ Kc7 63. d4 Rf8 64. Nd3 Rf7 65. Nf4 Kd7 66. Rg1 Rf8 67. Rg3 Rf7 68. Rh3 Rf8 69. Nxg6 hxg6 70. h7 Rbb8 71. h8=Q Rxh8 72. Bxh8 Rg8 73. Rh7+ Kc8 74. Bf6 Re8 75. Ra7 Kb8 76. Rxa5 Kb7 77. Ra4 Ra8 78. Rxb4+ Kc7 79. a4 Ra7 80. Kd3 Rb7 81. Rxb7+ Kxb7 82. Kc3 Kb6 83. Kb4 Ka6 84. Ka3 Kb6 85. Be7 Ka6 86. Bd8 Kb7 87. Kb4 Ka6 88. Kc3 Kb7 89. b4 Ka6 90. Bc7 Kb7 91. Bd6 Ka6 92. Bc5 Kb7 93. b5 cxb5 94. axb5 Be4 95. Kb4 Bd5 96. Be7 Kb6 97. Bd8+ Kb7 98. Kc5 Be4 99. Kd6 Bd5 100. Ke7 Kc8 101. Ba5 Bc4 102. b6 Kb7 103. Kf6 Kc6 104. Kxg6 Ba6 105. Kf7 Kd7 106. g6 1-0

[Event "December 5 Late 2023"]
[Site "https://www.chess.com"]
[Date "2023.12.05"]
[Round "3"]
[White "Al-Saffar, Araz Basim Mohammed S"]
[Black "Bhandari, Krish"]
[Result "1-0"]
[Board "148"]
[TimeControl "180+1"]
[WhiteFideId "4801040"]
[BlackFideId "30955106"]
[WhiteElo "2387"]
[BlackElo "2114"]
[WhiteTeam "IRQ"]
[BlackTeam "USA"]
[WhiteClock "0:00:16"]
[BlackClock "0:00:00"]

1. d4 b6 2. Nf3 Bb7 3. c4 g6 4. h4 Nf6 5. Nc3 Bg7 6. d5 e6 7. e4 exd5 8. exd5 O-O 9. Be2 Re8 10. Be3 d6 11. Qd2 Nbd7 12. O-O-O Nc5 13. Bg5 Qd7 14. Qc2 Nfe4 15. Nxe4 Nxe4 16. Be3 Ng3 17. Rhe1 Nxe2+ 18. Rxe2 b5 19. c5 dxc5 20. Bxc5 Rxe2 21. Qxe2 Bxd5 22. Ne5 Qe6 23. f4 f6 24. Qd2 c6 25. Nf3 Bxa2 26. Nd4 Qc4+ 27. Qc3 Qxc3+ 28. bxc3 Bd5 29. Kb2 f5 30. g3 a5 31. Bd6 b4 32. cxb4 axb4 33. Bxb4 1-0

[Event "December 5 Late 2023"]
[Site "https://www.chess.com"]
[Date "2023.12.05"]
[Round "3"]
[White "Gabuzyan, Hovhannes"]
[Black "Cardozo Munar, Carlos Eduardo"]
[Result "1-0"]
[Board "149"]
[TimeControl "180+1"]
[WhiteFideId "13303732"]
[BlackFideId "4409477"]
[WhiteElo "2834"]
[BlackElo "2270"]
[WhiteTeam "ARM"]
[BlackTeam "COL"]
[WhiteClock "0:02:33"]
[BlackClock "0:01:20"]

1. e4 e6 2. d4 d5 3. Nc3 Nf6 4. Bg5 Be7 5. e5 Nfd7 6. h4 Bxg5 7. hxg5 Qxg5 8. Qd3 h6 9. Nh3 Qe7 10. Nf4 a6 11. Nh5 O-O 12. Qg3 Qg5 13. Qxg5 hxg5 14. Bd3 g6 15. O-O-O gxh5 16. Rxh5 Re8 17. Rdh1 Nf8 18. Rxg5+ Ng6 19. Bxg6 fxg6 20. Rxg6+ Kf8 21. Rh7 Re7 22. Rh8+ Kf7 23. Rf6+ Kg7 24. Rxc8 b5 25. Ne2 a5 26. Nf4 1-0

[Event "December 5 Late 2023"]
[Site "https://www.chess.com"]
[Date "2023.12.05"]
[Round "3"]
[White "Boyer, Mahel"]
[Black "Calcada, Lucas Galvan"]
[Result "1-0"]
[Board "150"]
[TimeControl "180+1"]
[WhiteFideId "45102422"]
[BlackFideId "22746099"]
[WhiteElo "2676"]
[BlackElo "1983"]
[WhiteTeam "FRA"]
[BlackTeam "BRA"]
[WhiteClock "0:00:03"]
[BlackClock "0:00:55"]

1. e4 c5 2. Bc4 Nc6 3. c3 g6 4. d4 Bg7 5. dxc5 Qc7 6. Be3 a5 7. Na3 Ne5 8. Be2 Nf6 9. f3 h5 10. Nb5 Qb8 11. Nh3 d6 12. cxd6 Bxh3 13. Nc7+ Kf8 14. gxh3 exd6 15. Nxa8 Nxf3+ 16. Bxf3 Qxa8 17. Qxd6+ Kg8 18. O-O-O Kh7 19. e5 Ne8 20. Qe7 Rf8 21. Rd8 Qa6 22. Rxe8 Bh6 23. Bxh6 Rxe8 24. Qxf7+ Kxh6 25. Qxe8 1-0

[Event "December 5 Late 2023"]
[Site "https://www.chess.com"]
[Date "2023.12.05"]
[Round "3"]
[White "Ezat, Mohamed"]
[Black "Chabris, Christopher"]
[Result "1-0"]
[Board "151"]
[TimeControl "180+1"]
[WhiteFideId "10600906"]
[BlackFideId "2005263"]
[WhiteElo "2562"]
[BlackElo "2294"]
[WhiteTeam "EGY"]
[BlackTeam "USA"]
[WhiteClock "0:00:49"]
[BlackClock "0:00:00"]

1. d4 Nf6 2. Nc3 d5 3. Nf3 c6 4. Bf4 Bf5 5. e3 Nbd7 6. Bd3 Bg6 7. Ne5 e6 8. h4 Bxd3 9. cxd3 Be7 10. h5 h6 11. g4 Nxe5 12. dxe5 Nd7 13. d4 c5 14. Rc1 Qa5 15. O-O c4 16. e4 Nb6 17. Bd2 Qa6 18. exd5 Nxd5 19. Nxd5 exd5 20. f4 O-O-O 21. b3 Kb8 22. Qf3 Qxa2 23. Be3 Qxb3 24. Rfd1 c3 25. Qe2 Rc8 26. Bf2 Ba3 27. Rc2 Qc4 28. Qf3 b5 29. Rb1 b4 30. f5 b3 31. Rxc3 Qxc3 32. Rxb3+ Bb4 33. Rxc3 Rxc3 34. Qxd5 a5 35. Qb5+ Ka7 36. d5+ Ka8 37. Qb6 Rc1+ 38. Kg2 1-0

[Event "December 5 Late 2023"]
[Site "https://www.chess.com"]
[Date "2023.12.05"]
[Round "3"]
[White "Korol, Dimitry"]
[Black "Sanchez Alvares, Kelvin Antonio"]
[Result "0-1"]
[Board "152"]
[TimeControl "180+1"]
[WhiteFideId "14108003"]
[BlackFideId "3906680"]
[WhiteElo "2293"]
[BlackElo "2526"]
[WhiteTeam "UKR"]
[BlackTeam "VEN"]
[WhiteClock "0:00:00"]
[BlackClock "0:01:01"]

1. d4 Nf6 2. c4 c5 3. d5 e6 4. Nc3 exd5 5. cxd5 d6 6. Nf3 g6 7. Nd2 a6 8. a4 Nbd7 9. Nc4 Nb6 10. Na3 Bg7 11. a5 Nbd7 12. Nc4 Ne5 13. Nxe5 dxe5 14. e4 O-O 15. Be2 Ne8 16. Be3 Qe7 17. Na4 c4 18. Bc5 Qh4 19. Qc2 f5 20. Nb6 Rb8 21. Bxf8 Bxf8 22. O-O fxe4 23. Bxc4 Nd6 24. Nxc8 Rxc8 25. b3 Bh6 26. Rae1 Rf8 27. g3 Qg4 28. Be2 Qd7 29. Bc4 Qg4 30. Be2 Qh3 31. Bc4 Rf5 32. Rxe4 Rh5 33. f4 Nxe4 34. d6+ Kg7 0-1

[Event "December 5 Late 2023"]
[Site "https://www.chess.com"]
[Date "2023.12.05"]
[Round "3"]
[White "Weisz, Bryan"]
[Black "Pesotskiy, Mikhail"]
[Result "0-1"]
[Board "153"]
[TimeControl "180+1"]
[WhiteFideId "30934133"]
[BlackFideId "34164453"]
[WhiteElo "2292"]
[BlackElo "2510"]
[WhiteTeam "USA"]
[BlackTeam "RUS"]
[WhiteClock "0:00:03"]
[BlackClock "0:00:11"]

1. e4 e6 2. Nf3 d5 3. Nc3 Nf6 4. e5 Nfd7 5. d4 c5 6. Bg5 Qb6 7. dxc5 Bxc5 8. Qd2 Nc6 9. Na4 Qc7 10. Nxc5 Nxc5 11. O-O-O Bd7 12. Qe3 Ne4 13. Bf4 Nb4 14. Nd4 Rc8 15. Bd3 Nxa2+ 16. Kb1 Nb4 17. Bxe4 dxe4 18. Qxe4 Qa5 19. Qxb7 Qa2+ 20. Kc1 Qa1+ 21. Kd2 Qxb2 22. Be3 O-O 23. Qxd7 Rfd8 24. Qb5 a6 25. Qa4 Nxc2 26. Rc1 Nxd4+ 27. Kd3 Nb3+ 28. Ke4 Nxc1 29. Rxc1 Rxc1 30. Bxc1 Qxc1 31. Qa5 Qc6+ 32. Ke3 Qd5 33. Qxa6 Qd4+ 34. Kf3 Qd3+ 35. Kf4 Qxa6 0-1

[Event "December 5 Late 2023"]
[Site "https://www.chess.com"]
[Date "2023.12.05"]
[Round "3"]
[White "Calin, Alexandru"]
[Black "Lopez Del Alamo, Antonio"]
[Result "1-0"]
[Board "154"]
[TimeControl "180+1"]
[WhiteFideId "1222961"]
[BlackFideId "2227339"]
[WhiteElo "2499"]
[BlackElo "2291"]
[WhiteTeam "ROU"]
[BlackTeam "ESP"]
[WhiteClock "0:01:18"]
[BlackClock "0:00:00"]

1. e4 c5 2. Nc3 e6 3. Nf3 Nc6 4. Bb5 Nd4 5. Bc4 a6 6. a4 Qc7 7. O-O b6 8. d3 Bb7 9. Nxd4 cxd4 10. Ne2 Bc5 11. Qd2 a5 12. Qg5 Ne7 13. Bf4 d6 14. Qxg7 O-O-O 15. Qxf7 e5 16. Bg5 Rde8 17. f4 d5 18. Bb5 Ref8 19. Qe6+ Kb8 20. fxe5 dxe4 21. Bxe7 Bxe7 22. Nxd4 Bc5 23. c3 exd3 24. Bxd3 Rhg8 25. Rxf8+ Rxf8 26. Rf1 Rxf1+ 27. Kxf1 Ka7 28. Nb5+ 1-0

[Event "December 5 Late 2023"]
[Site "https://www.chess.com"]
[Date "2023.12.05"]
[Round "3"]
[White "Novik, Maxim"]
[Black "Szente Varga, Fruzsina"]
[Result "1-0"]
[Board "156"]
[TimeControl "180+1"]
[WhiteFideId "4102924"]
[BlackFideId "712264"]
[WhiteElo "2473"]
[BlackElo "2272"]
[WhiteTeam "LTU"]
[BlackTeam "HUN"]
[WhiteClock "0:01:27"]
[BlackClock "0:00:32"]

1. e4 c5 2. Nf3 Nc6 3. Bb5 g6 4. Bxc6 dxc6 5. d3 Nf6 6. h3 Bg7 7. O-O Nd7 8. a4 e5 9. Na3 Qc7 10. Nc4 Nf8 11. a5 Ne6 12. Be3 Bd7 13. c3 O-O-O 14. b4 cxb4 15. Bxa7 Rdg8 16. Bb6 Qb8 17. a6 bxa6 18. Rxa6 Nc7 19. Nd6+ Kd8 20. Nxf7+ Ke7 21. Bxc7 Qxc7 22. Nxh8 Bxh8 23. cxb4 g5 24. Qc2 g4 25. Qc5+ Kf7 26. Ra7 Qc8 27. Nxe5+ Bxe5 28. Qxe5 gxh3 29. g3 Kg6 30. Qd6+ Be6 31. Re7 Kf6 32. f4 Rxg3+ 33. Kh1 Qg8 34. f5 Rxd3 35. Rxe6+ Kg5 36. Qf4+ Kh5 37. Rh6# 1-0

[Event "December 5 Late 2023"]
[Site "https://www.chess.com"]
[Date "2023.12.05"]
[Round "3"]
[White "Clarke, Matthew"]
[Black "sina101"]
[Result "0-1"]
[Board "157"]
[TimeControl "180+1"]
[WhiteFideId "3227804"]
[WhiteElo "2268"]
[BlackElo "2472"]
[WhiteTeam "AUS"]
[WhiteClock "0:00:02"]
[BlackClock "0:00:14"]

1. c4 c5 2. Nc3 Nc6 3. g3 g6 4. Bg2 Bg7 5. Nf3 Nf6 6. d4 cxd4 7. Nxd4 O-O 8. O-O a6 9. Nb3 d6 10. Bf4 Be6 11. Nd5 Bxd5 12. cxd5 Nb8 13. Rc1 Nbd7 14. Qd2 Rc8 15. Na5 Qb6 16. Be3 Qb5 17. b3 Ne5 18. a4 Qd7 19. Qb4 b5 20. axb5 axb5 21. Bd4 Nfg4 22. h3 Nh6 23. Nc6 Nxc6 24. dxc6 Qf5 25. Bxg7 Kxg7 26. c7 Qd7 27. Qc3+ f6 28. Bb7 Nf7 29. Bxc8 Rxc8 30. Kg2 d5 31. Qc6 Qf5 32. h4 h5 33. Rc3 d4 34. Rf3 Qe5 35. Qc2 Nd6 36. Rd1 Nf5 37. Qd3 Rxc7 38. e3 dxe3 39. fxe3 Ra7 40. e4 Ra2+ 41. Rf2 Rxf2+ 42. Kxf2 Nd6 43. Re1 b4 44. Re2 Qc5+ 45. Qe3 Nxe4+ 46. Kg2 Qxe3 47. Rxe3 Nc5 48. Rxe7+ Kh6 49. Rc7 Nxb3 50. Rb7 Nd4 51. Rxb4 Nf5 52. Rf4 Kg7 53. Rf3 Kf7 54. Kf2 Ke6 55. Ke2 Nd4+ 56. Ke3 Nxf3 57. Kxf3 Kf5 58. Kf2 Kg4 59. Kg2 f5 60. Kh2 f4 61. gxf4 Kxf4 0-1

[Event "December 5 Late 2023"]
[Site "https://www.chess.com"]
[Date "2023.12.05"]
[Round "3"]
[White "Palmer, Reegan"]
[Black "Ozen, Metehan"]
[Result "0-1"]
[Board "158"]
[TimeControl "180+1"]
[WhiteFideId "14322145"]
[BlackFideId "34596054"]
[WhiteElo "2246"]
[BlackElo "2471"]
[WhiteTeam "RSA"]
[BlackTeam "TUR"]
[WhiteClock "0:00:16"]
[BlackClock "0:01:04"]

1. e4 c6 2. d4 d5 3. f3 dxe4 4. fxe4 e5 5. Nf3 Bg4 6. Bc4 Nd7 7. O-O Ngf6 8. c3 Bd6 9. Qb3 O-O 10. Ng5 Qe7 11. Qxb7 h6 12. Nxf7 Rxf7 13. Bxf7+ Qxf7 14. Qxc6 Qf8 15. h3 Be6 16. Nd2 Rc8 17. Qa6 Rc7 18. d5 Bf7 19. Nc4 Bc5+ 20. Kh1 Nxe4 21. Rf3 Ndf6 22. d6 Rc8 23. Nxe5 Bd5 24. Nd7 Nxd7 25. Rxf8+ Rxf8 26. c4 Rf1+ 27. Kh2 Bg1+ 28. Kh1 Bf2+ 29. Kh2 Bg3# 0-1